 Dungeon Crawl Stone Soup version 0.28-a0-519-gbfeecf2fc5 (webtiles) character file.

Game seed: 17867637964697678514

39 demibob the Ruffian (level 3, 36/36 HPs)
             Began as a Troll Monk on Sept 23, 2021.
             Was a Believer of Nemelex Xobeh.
             Quit the game on level 2 of the Dungeon.
             The game lasted 00:01:30 (977 turns).

demibob the Ruffian (Troll Monk)                     Turns: 977, Time: 00:01:30

Health: 36/36      AC:  5    Str: 19    XL:     3   Next: 28%
Magic:  2/2        EV: 10    Int:  6    God:    Nemelex Xobeh [**....]
Gold:   39         SH:  0    Dex: 13    Spells: 2/2 levels left

rFire   . . .      SeeInvis .     - Unarmed
rCold   . . .      Faith    .   (no shield)
rNeg    . . .      Spirit   .   a - +0 robe
rPois   .          Reflect  .   (helmet restricted)
rElec   .          Harm     .   h - +0 cloak
rCorr   .          Rampage  .   (gloves unavailable)
Will    .....                   (boots unavailable)
Stlth   ++........              (no amulet)
HPRegen 1.12/turn               (no ring)
MPRegen 0.08/turn               (no ring)

@: no status effects
A: large, unfitting armour, claws 3, regeneration 1, shaggy fur 1, tough skin 1
a: Renounce Religion, Draw Escape, Draw Destruction, Draw Summoning


You were on level 2 of the Dungeon.
You worshipped Nemelex Xobeh.
Nemelex Xobeh was pleased with you.
You visited 1 branch of the dungeon, and saw 2 of its levels.

You collected 39 gold pieces.


Innate Abilities, Weirdness & Mutations

You are too large for most types of armour.
You have claws for hands.
Your natural rate of healing is unusually fast.
You are covered in fur. (AC +1)
You have tough skin. (AC +1)


   Skills:
 - Level 2.4 Fighting
 + Level 1.6 Throwing
 - Level 2.5 Dodging
 - Level 1.0 Stealth
 + Level 3.7 Unarmed Combat


You had 2 spell levels left.
You didn't know any spells.
Your spell library was empty.

Inventory:

Missiles
 b - 75 stones (quivered)
Armour
 a - a +0 robe (worn)
 h - a +0 cloak (worn)
Jewellery
 R - a ring of resist corrosion
Scrolls
 c - 2 scrolls of magic mapping {unknown}
 e - a scroll of blinking {unknown}
 f - 2 scrolls of amnesia {unknown}
 i - a scroll of teleportation {unknown}
Potions
 d - a potion of curing {unknown}
 g - a potion of resistance {unknown}

Dungeon Overview and Level Annotations

Branches:
Dungeon (2/15)

Altars:
Nemelex Xobeh

#. #.# # #.#.# .#
.> #.#.#####.#
.#.#####.#.......#
.........#...♣...#
#.......#..♣.♣..#
#.......#.♣.@.♣
#..........♣.♣..#
#...........♣...#
#...........(.....
#...........#######
#.###.####### #.
#.# P####. #.#
≈PPP#.###.#


There were no monsters in sight!


Message History

You claw the bat!
You kill the bat!
No target in view!
No target in view!
No target in view!
No target in view!
No target in view!
No target in view!
No target in view!
No target in view!
No target in view!
No target in view!
No target in view!
No target in view!
No target in view!
No target in view!
No target in view!
Found a stone staircase leading down.
There is a faded altar of an unknown god here.
You cannot tell which god this altar belongs to.
Convert to them anyway?
Okay, then.
You cannot tell which god this altar belongs to.
Convert to them anyway?
Nemelex Xobeh accepts your prayer! Nemelex Xobeh welcomes you!
Nemelex will now gift you decks of power as you gain piety.
Nemelex Xobeh deals you some cards!
You now have 4 destruction cards.
You can now draw from decks of power.
Nemelex Xobeh deals you some cards!
You now have 7 destruction cards and 1 summoning card.
Are you sure you want to abandon this character and quit the game? (Confirm with "yes".)

Skill      XL: |  1  2 |
---------------+-------+-----
Throwing       | 1 |  1.6
Fighting       | |  2.4
Dodging        | |  2.5
Stealth        | |  1.0
Unarmed Combat | |  3.7

Action                   || total
-------------------------++-------
Melee: Unarmed           ||    76
       Punch             ||     3
 Stab: Sleeping          ||     1
Armor: Robe              ||    24
Dodge: Dodged            ||    38

Levels and vault maps discovered:
D:1:      dpeg_arrival_leaves_temple_mockup, layout_loops_corners,
          serial_park_tiny_1, minmay_misc_feat_alley
D:2:      layout_basic, chequers_ecumenical_altar_simple_redux,
          chequers_serial_rivers_room_b, serial_bayou_pond_c

Notes
Turn   | Place    | Note
-------+----------+-------------------------------------------
     0 | D:1      | demibob the Troll Monk began the quest for the Orb.
     0 | D:1      | Reached XP level 1. HP: 22/22 MP: 0/0
   154 | D:1      | Reached XP level 2. HP: 29/29 MP: 1/1
   555 | D:1      | Reached skill level 1 in Throwing
   888 | D:2      | Reached XP level 3. HP: 36/36 MP: 2/2
   966 | D:2      | Found a faded altar of an unknown god.
   976 | D:2      | Became a worshipper of Nemelex Xobeh the Trickster
   976 | D:2      | Reached * piety under Nemelex Xobeh
   976 | D:2      | Received a gift from Nemelex Xobeh
   976 | D:2      | Reached ** piety under Nemelex Xobeh
   976 | D:2      | Received a gift from Nemelex Xobeh
   977 | D:2      | Quit the game

Vanquished Creatures
  A dart slug (D:2)
  3 ball pythons (D:1)
  An endoplasm (D:1)
  A giant cockroach (D:2)
  2 goblins (D:1)
  3 hobgoblins
  7 jackals (D:1)
  5 bats
  3 frilled lizards
  6 kobolds
  3 rats (D:1)
35 creatures vanquished.

Vanquished Creatures (others)
  3 plants (D:2)
3 creatures vanquished.

Grand Total: 38 creatures vanquished

Table legend: (Time is in decaauts)
 A = Elapsed time spent in this place.
 B = Non-inter-level travel time spent in this place.
 C = Inter-level travel time spent in this place.
 D = Time resting spent in this place.
 E = Time spent auto-exploring this place.
 F = Levels seen in this place.
 G = Mean time per level.
                   A        B        C        D        E       F      G
               +--------+--------+--------+--------+--------+-----+--------+
         Total |    973 |    951 |     22 |      0 |    744 |   2 |  486.5 |
       Dungeon |    973 |    951 |     22 |      0 |    744 |   2 |  486.5 |
               +--------+--------+--------+--------+--------+-----+--------+

Top non-repeatable levels by time:
     D:1: 846 daAuts
     D:2: 127 daAuts

Table legend:
 A = Non-vault XP
 B = Vault XP
 C = Vault XP percentage of total XP
 D = Non-vault monster count
 E = Vault monster count
 F = Vault count percentage of total count
                 A         B        C        D         E       F
            +---------+---------+-------+---------+---------+-------
      Total |      57 |       0 |   0.0 |      35 |       0 |   0.0
            +---------+---------+-------+---------+---------+-------
        D:1 |      40 |       0 |   0.0 |      27 |       0 |   0.0
        D:2 |      17 |       0 |   0.0 |       8 |       0 |   0.0
            +---------+---------+-------+---------+---------+-------
